 Dungeon Crawl Stone Soup version 0.22-a0-147-gfdd7f25 (webtiles) character file.

114 mortelune the Skirmisher (level 4, -10/37 HPs)
             Began as a Demonspawn Abyssal Knight on Feb 6, 2018.
             Was a Believer of Lugonu.
             Mangled by Yosebu's ghost (18 damage)
             ... on level 3 of the Dungeon.
             The game lasted 00:09:08 (3364 turns).

mortelune the Skirmisher (DsAK)                     Turns: 3364, Time: 00:09:08

Health: -10/37     AC:  5    Str: 13    XL:     4   Next: 67%
Magic:  0/5        EV: 11    Int: 14    God:    Lugonu [**....]
Gold:   97         SH:  0    Dex: 12    Spells: 3/3 levels left

rFire    . . .     SeeInvis .   a - +1 falchion
rCold    . . .     Gourm    .   (no shield)
rNeg     . . .     Faith    .   b - +0 leather armour
rPois    .         Spirit   +   o - +0 helmet
rElec    .         Reflect  .   (no cloak)
rCorr    .         Harm     .   q - +0 pair of gloves
MR       +....                  (no boots)
Stlth    +.........             (no amulet)
HPRegen  0.12/turn              g - ring of protection from magic
MPRegen  0.09/turn              (no ring)

@: drained
A: magic shield, rot immunity
a: Depart the Abyss, Bend Space, Renounce Religion


You were on level 3 of the Dungeon.
You worshipped Lugonu.
Lugonu was pleased with you.
You were not hungry.

You visited 1 branch of the dungeon, and saw 3 of its levels.
You visited the Abyss 1 time.

You collected 97 gold pieces.

Inventory:

Hand Weapons
 a - a +1 falchion (weapon)
Missiles
 d - 2 tomahawks (quivered)
Armour
 b - a +0 leather armour (worn)
 o - a +0 helmet (worn)
 q - a +0 pair of gloves (worn)
Jewellery
 g - a ring of protection from magic (left hand)
Wands
 f - a wand of flame (33)
Scrolls
 h - 2 scrolls of fear
 i - 2 scrolls of identify {unknown}
 k - 2 scrolls of remove curse
 l - a scroll of magic mapping {unknown}
 p - a scroll of fog {unknown}
Potions
 e - 3 potions of curing
 j - a potion of invisibility {unknown}
 n - a potion of lignification {unknown}
Comestibles
 c - 9 rations
 m - 3 chunks of flesh


   Skills:
 + Level 3.7(3.5) Fighting
 * Level 3.4(3.2) Long Blades
 + Level 2.7(2.5) Armour
 - Level 0.8(0.7) Dodging
 - Level 2.4(2.2) Invocations


You had 3 spell levels left.
You didn't know any spells.

Dungeon Overview and Level Annotations

Branches:
Dungeon (3/15)

Altars:
Vehumet

Annotations:
D:3 Yosebu's ghost, amateur MfGl


Innate Abilities, Weirdness & Mutations

When hurt, damage is shared between your health and your magic reserves.
You are immune to rotting.


Message History

There is a stone staircase leading down here.
Yosebu's ghost says, "You must not fail where I succeeded!"
There is a stone staircase leading up here.
You hit Yosebu's ghost but do no damage.
Yosebu's ghost hits you.
You are electrocuted!
You slash Yosebu's ghost!
Yosebu's ghost is moderately damaged.
Yosebu's ghost barely misses you.
You hit Yosebu's ghost.
Yosebu's ghost is moderately damaged.
Yosebu's ghost closely misses you.
You hit Yosebu's ghost.
Yosebu's ghost is moderately damaged.
Yosebu's ghost hits you but does no damage.
You are electrocuted!
* * * LOW HITPOINT WARNING * * *
Yosebu's ghost hits you.
* * * LOW HITPOINT WARNING * * *
You are electrocuted!
You die...

#.........<#....#
#.########.######.
#.# #...........^.
#.# #.####.######
#.# #.#.........#
####.###.#.#.#####.#
.......#.#.#.....#.#
####.#.#.#...###.#.#
..##.#.#.###.#..@#.#
).##.#.#.###.#.#W#.#
..............>..#.#
..##.#.#.#########.#
.....#.#... ..#
..####.##### ... ..#
..## ### ..#


You could see Yosebu's ghost.

Vanquished Creatures
  5 adders
  A worm (D:2)
  2 leopard geckos
  5 orcs (D:3)
  4 giant cockroaches
  4 goblins
  9 hobgoblins
  3 jackals (D:2)
  A ball python (D:2)
  5 bats
  4 frilled lizards
  8 kobolds
  6 rats
57 creatures vanquished.

Vanquished Creatures (others)
  A hobgoblin (D:2)
  A kobold (D:2)
2 creatures vanquished.

Grand Total: 59 creatures vanquished

Notes
Turn   | Place    | Note
-------+----------+-------------------------------------------
     0 | Abyss:1  | mortelune the Demonspawn Abyssal Knight began the quest for the Orb.
     0 | Abyss:1  | Reached XP level 1. HP: 18/18 MP: 2/2
     4 | Abyss:1  | Found a corrupted altar of Lugonu.
    63 | D:1      | Escaped the Abyss
   237 | D:1      | Gained mutation: You are immune to rotting. [demonic ancestry]
   237 | D:1      | Reached XP level 2. HP: 24/24 MP: 3/3
   247 | D:1      | Reached * piety under Lugonu
   840 | D:2      | Gained mutation: When hurt, damage is shared between your health and your magic reserves. [demonic ancestry]
   840 | D:2      | Reached XP level 3. HP: 8/29 MP: 4/4
  1351 | D:2      | Found a radiant altar of Vehumet.
  2049 | D:2      | Reached XP level 4. HP: 34/35 MP: 5/5
  2490 | D:3      | Noticed Yosebu's ghost (amateur MfGl)
  2896 | D:3      | Reached ** piety under Lugonu
  3364 | D:3      | Mangled by Yosebu's ghost

Vault maps used:
D:1:      lightli_arrival_noodles
D:2:      fiery_altar_vehumet, roderic_serpentine_path
D:3:      hangedman_decor_points, wad_orctagon
Abyss:1:  evilmike_abyss_exit_15

Skill      XL: |  1  2  3 |
---------------+----------+-----
Long Blades    | 2 3 |  3.4
Armour         | 2 |  2.7
Fighting       | |  3.7
Dodging        | |  0.8
Invocations    | |  2.4

Action                   |  1- 3 |  4- 6 || total
-------------------------+-------+-------++-------
Melee: Falchion          |   114 |    63 ||   177
Throw: Tomahawk          |       |     1 ||     1
Invok: Depart the Abyss  |     1 |       ||     1
  Use: Potion            |     3 |     2 ||     5
       Scroll            |       |     5 ||     5
  Eat: Chunk             |     4 |     4 ||     8
Armor: Leather armour    |    29 |    16 ||    45
Dodge: Dodged            |    67 |    36 ||   103
       Rpst.: Falchion   |    21 |    11 ||    32

Table legend:
 A = Spawn XP
 B = Non-spawn XP
 C = Spawn XP percentage of total XP
 D = Spawn monster count
 E = Non-spawn monster count
 F = Spawn count percentage of total count
 G = Total turns spent on level
                    A         B        C        D         E        F      G
               +---------+---------+-------+---------+---------+-------+---------
         Total |       0 |     164 |   0.0 |       0 |      57 |   0.0 |  3364
               +---------+---------+-------+---------+---------+-------+---------
           D:1 |       0 |      16 |   0.0 |       0 |      10 |   0.0 |   507
           D:2 |       0 |      96 |   0.0 |       0 |      28 |   0.0 |  1855
           D:3 |       0 |      52 |   0.0 |       0 |      19 |   0.0 |   939
               +---------+---------+-------+---------+---------+-------+---------
